 Seeded DCSS version 0.30-a0-930-gb9d0489357 (webtiles) character file.

Game seed: 3125986916090331667 (custom seed)

2 Parcival the Shield-Bearer (level 1, 18/18 HPs)
             Began as a Human Fighter on Mar 23, 2023.
             Quit the game on level 1 of the Dungeon.
             The game lasted 00:00:32 (44 turns).

Parcival the Shield-Bearer (Human Fighter)            Turns: 44, Time: 00:00:33

Health: 18/18      AC:  6    Str: 16    XL:     1   Next: 33%
Magic:  1/1        EV:  8    Int:  8    God:
Gold:   0          SH:  4    Dex: 12    Spells: 0/0 levels left

rFire   . . .      SeeInvis .    a - +0 long sword
rCold   . . .      Faith    .    c - +0 buckler
rNeg    . . .      Spirit   .    b - +0 scale mail
rPois   .          Reflect  .    (no helmet)
rElec   .          Rampage  .    (no cloak)
rCorr   .                        (no gloves)
Will    .....                    (no boots) Stlth
                                 e - amulet of Odileon {Regen+ Slay+2}
HPRegen 1.03/turn                (no ring)
MPRegen 0.07/turn                (no ring)

@: no status effects
A: no striking features
a: no special abilities


You were on level 1 of the Dungeon.
You visited 1 branch of the dungeon, and saw 1 of its levels.

Inventory:

Hand Weapons
 a - a +0 long sword (weapon)
Armour
 b - a +0 scale mail (worn)
 c - a +0 buckler (worn)
Jewellery
 e - the amulet of Odileon (around neck) {Regen+ Slay+2}
   (You acquired it on level 1 of the Dungeon)

   [amulet of regeneration]

   Slay:      It affects your accuracy & damage with ranged weapons and melee
   (+2).
   Regen:     It increases your rate of health regeneration.
Potions
 d - a potion of might


   Skills:
 + Level 3.0 Fighting
 + Level 2.0 Long Blades
 + Level 3.0 Armour
 + Level 3.0 Shields


You couldn't memorise any spells.
You didn't know any spells.
Your spell library was empty.

Dungeon Overview and Level Annotations

Branches:
Dungeon (1/15)

Altars:


Message History

Welcome, Parcival the Human Fighter.
Game seed: 3125986916090331667 (custom seed) Press ? for a list of commands and other information.
Found a staircase leading out of the dungeon.
A goblin comes into view. It is wielding a +0 dagger.
The goblin shouts!
Found a stone staircase leading down.
The goblin hits you with a +0 dagger.
Found a scroll labelled ROKLIF FIDEHY.
You block the goblin's attack.
You slash the goblin!
You kill the goblin!
A goblin comes into view. It is wielding a +0 club.
The goblin shouts!
You slash the goblin!
You kill the goblin!
e - a scroll labelled ROKLIF FIDEHY This is a scroll of acquirement!
Something appears at your feet!
e - the amulet of Odileon {Regen+ Slay+2} You start putting on your amulet.
You continue putting on the amulet of Odileon {Regen+ Slay+2}. x5
You finish putting on the amulet of Odileon {Regen+ Slay+2}.
The amulet of Odileon throbs as it attunes itself to your uninjured body.
e - the amulet of Odileon (around neck) {Regen+ Slay+2} A ball python comes into view.
Found an escape hatch in the floor.
The ball python hisses angrily.
The ball python moves out of view.
A ball python is nearby!
A ball python is nearby!
Are you sure you want to abandon this character and quit the game? (Confirm with "yes".)

.# .# ## .# . . .#
.. #. .# #.S##.##.#
#.>.....#
#.#@###### .#~
#........# #.#~.
###.####.####..+.P
#.##.........#~.
..##.......#.#~.
..###....#....##~
..........>.....##
....###.#)........#
..... #.......####


You could see a ball python.

Vanquished Creatures
  2 goblins (D:1)
2 creatures vanquished.

Notes
Turn   | Place    | Note
-------+----------+-------------------------------------------
     0 | D:1      | Parcival the Human Fighter began the quest for the Orb.
     0 | D:1      | Reached XP level 1. HP: 18/18 MP: 1/1
    29 | D:1      | Identified a scroll of acquirement
    29 | D:1      | Acquired the amulet of Odileon {Regen+ Slay+2}
    44 | D:1      | Quit the game

Illustrated notes

Levels and vault maps discovered:
D:1:      amcnicky_arrival_single_pillar, layout_loops_cross,
          hangedman_glass_garden

Action                     || total
---------------------------++-------
  Melee: Long sword        ||     2
    Use: Scroll            ||     1
  Block: Buckler           ||     1

Table legend: (Time is in decaauts)
 A = Elapsed time spent in this place.
 B = Non-inter-level travel time spent in this place.
 C = Inter-level travel time spent in this place.
 D = Time resting spent in this place.
 E = Time spent auto-exploring this place.
 F = Levels seen in this place.
 G = Mean time per level.
                   A        B        C        D        E       F      G
               +--------+--------+--------+--------+--------+-----+--------+
         Total |     44 |     44 |      0 |      0 |      5 |   1 |   44.0 |
       Dungeon |     44 |     44 |      0 |      0 |      5 |   1 |   44.0 |
               +--------+--------+--------+--------+--------+-----+--------+

Top non-repeatable levels by time:
     D:1: 44 daAuts
